Unix NetHack Version 5.0.0-0 post-release - last build Jul 19 2026 19:10:59 (3aa4ab31751d3886436d94b585a96704892fd477,branch:main).

Game began 2026-07-19 22:29:24, ended 2026-07-19 23:12:28.

IanCurtis, chaotic male elven Wizard

                                       .a.
                                       -@-
                                      # #
         ----------------             ##f
         |.?*)!?)!%[)!%=|              ##
         |/./?)%(.!)?(%.|              #
         |..(?!.*%))[.%.-#             #
         |%?!.%*)./!.%%.|##      #######
         ---------------- #     -|-------+-
                          #     |.........|
                          ######|.........|
                               #..<.......|
                                -----------

IanCurtis the Conjurer    St:8 Dx:14 Co:12 In:20 Wi:11 Ch:10  Chaotic
Dlvl:6  $:57 HP:0(28) Pw:35(45) AC:9  Xp:4 T:2100 

Latest messages:
 The kitten picks up a dark potion.
 The kitten drops a dark potion.
 You hear the chime of a cash register.
 The kitten picks up a dark potion.
 You are beginning to feel hungry.
 You stop searching.
 What do you want to eat? [oM or ?*] ?
 My, this is a yummy slime mold!
 You hear someone cursing shoplifters.
 The kitten drops a dark potion.
 The kitten picks up a dark potion.
 You are in full health.
 You swap places with your kitten.
 That door is closed.
 This door is locked.
 Unlock it with your lock pick? [ynq] (q) y
 You succeed in picking the lock.
 The door resists!
 The door opens.
 The vial crashes on your head and breaks into shards.
 The potion of blindness evaporates.
 It suddenly gets dark.
 In what direction? k
 The spell hits it!
 You kill it!
 Welcome to experience level 4.
 You feel awake!
 The spell hits it!
 You can see again.
 The hill orc wields a curved sword!
 You stop searching.
 In what direction? k
 The spell hits the hill orc!
 You kill the hill orc!
 The giant ant bites!
 You miss the giant ant.
 The giant ant bites!
 You hit the giant ant!
 The giant ant bites!
 The giant ant bites!
 You miss the giant ant.
 The giant ant bites!
 The giant ant bites!
 The giant ant bites!
 The giant ant bites!
 You kill the giant ant!
 The giant ant bites!
 The giant ant bites!
 You die...
 Do you want your possessions identified? [ynq] (y) q

Inventory:
 Coins    ('$')
  $ - 57 gold pieces
 Weapons  (')')
  a - a blessed +1 quarterstaff (weapon in hands)
 Armor    ('[')
  b - an uncursed +0 cloak of magic resistance (being worn)
 Comestibles  ('%')
  o - 3 uncursed food rations
 Scrolls  ('?')
  h - an uncursed scroll of blank paper
  s - a cursed scroll of blank paper
  O - an uncursed scroll of enchant armor
  Q - a cursed scroll of enchant armor
  i - a blessed scroll of identify
  P - an uncursed scroll of light
  S - an uncursed scroll of scare monster
  I - an uncursed scroll of stinking cloud
  j - an uncursed scroll of teleportation
 Potions  ('!')
  C - an uncursed potion of blindness
  w - an uncursed potion of hallucination
  N - 2 uncursed potions of healing
  R - 3 cursed potions of healing
  r - an uncursed potion of oil
  B - an uncursed potion of restore ability
  L - a cursed potion of see invisible
  v - an uncursed potion of sleeping
  f - 2 uncursed potions of speed
  g - an uncursed potion of water
 Rings    ('=')
  d - an uncursed ring of free action
  e - an uncursed ring of stealth
  z - an uncursed ring of stealth
 Wands    ('/')
  J - a wand of digging (0:6)
  c - a wand of light (0:11)
  H - a wand of make invisible (0:7)
  x - a wand of polymorph (0:6)
  F - a wand of undead turning (0:8)
 Tools    ('(')
  n - an uncursed leather drum
  k - an uncursed lock pick
  m - a magic marker (0:19)

IanCurtis the Wizard's attributes:

Background:
 You were a Conjurer, a level 4 male elven Wizard.
 You were chaotic, nominally on a mission for Anhur
 who was opposed by Ptah (lawful) and Thoth (neutral).
 You were right-handed.
 You were in the Dungeons of Doom, on level 6.
 You entered the dungeon 2100 turns ago.
 It was nighttime.
 You had 103 experience points, 57 more were needed to attain level 5.

Basics:
 You had 0 out of 28 hit points.
 You had 35 out of 45 energy points (spell power).
 Your armor class was 9.
 Your wallet contained 57 zorkmids.
 Autopickup was off.

Final Characteristics:
 Your strength was 8 (limit:18).
 Your dexterity was 14 (limit:18).
 Your constitution was 12 (limit:16).
 Your intelligence was 20 (limit:20).
 Your wisdom was 11 (limit:20).
 Your charisma was 10 (limit:18).

Final Status:
 You weren't hungry.
 You were unencumbered.
 You were wielding a quarterstaff.
 You had basic skill with quarterstaff.

Final Attributes:
 You were piously aligned.
 You were magic-protected.
 You were sleep resistant.
 You had infravision.
 You were warded.
 You are dead.

Miscellaneous:
 You didn't encounter any bones levels.
 Total elapsed playing time was 16 minutes and 45 seconds.

Major events:
 Turn
    1: IanCurtis the chaotic male elven Wizard entered the dungeon
  764: entered the Gnomish Mines
 1084: attained the rank of Conjurer (level 3)
 2100: killed by a giant ant

Spells:
 Name                 Level Category     Fail Retention
 force bolt             1   attack         0%   81%-90%
 sleep                  3   enchantment    0%   81%-90%
 healing                1   healing        0%  76%-100%
 detect treasure        4   divination    90%  76%-100%

Skills:
 Fighting Skills
   bare handed combat [Unskilled]
   riding             [Unskilled]
 Weapon Skills
   dagger             [Unskilled]
   knife              [Unskilled]
   axe                [Unskilled]
   short sword        [Unskilled]
   club               [Unskilled]
   mace               [Unskilled]
   quarterstaff       [Basic]
   polearms           [Unskilled]
   spear              [Unskilled]
   trident            [Unskilled]
   sling              [Unskilled]
   dart               [Unskilled]
   shuriken           [Unskilled]
 Spellcasting Skills
   attack spells      [Basic]
   healing spells     [Unskilled]
   divination spells  [Unskilled]
   enchantment spells [Basic]
   clerical spells    [Unskilled]
   escape spells      [Unskilled]
   matter spells      [Unskilled]

Voluntary challenges:
 Character rerolling was not enabled.
 You were an atheist.
 You never genocided any monsters.
 You never polymorphed an object.
 You never changed form.
 You used no wishes.
Achievements:
 You entered the Gnomish Mines.
 You attained the rank of Conjurer.
 You entered a shop.

 The Dungeons of Doom: levels 1 to 6
    Level 1:
    Level 2:
       A fountain.
    Level 3:
       Stairs down to The Gnomish Mines.
    Level 4: "vault, spellbooks by down stair"
    Level 5:
    Level 6: <- You were here.
       A general store.
       Final resting place for
          you, killed by a giant ant.
 The Gnomish Mines:
    Level 4:


Vanquished creatures:
  a giant ant
  a little dog
  2 hill orcs
  a werejackal
 an acid blob
  a yellow mold
  a green mold
  a red mold
  a gecko
  6 jackals
  a fox
  a kobold
  a goblin
  3 sewer rats
  6 grid bugs
  3 lichens
  a kobold zombie
  5 newts
37 creatures vanquished.

No species were genocided or became extinct.

Game over:
                       ----------
                      /          \
                     /    REST    \
                    /      IN      \
                   /     PEACE      \
                  /                  \
                  |    IanCurtis     |
                  |      57 Au       |
                  |   killed by a    |
                  |    giant ant     |
                  |                  |
                  |                  |
                  |       2026       |
                 *|     *  *  *      | *
        _________)/\\_//(\/(/\)/\//\/|_)_______

Goodbye IanCurtis the Wizard...

You died in The Dungeons of Doom on dungeon level 6 with 724 points,
and 57 pieces of gold, after 2100 moves.
You were level 4 with a maximum of 28 hit points when you died.

